Oilers vs Capitals
(R2)
Created - 18 février 2014 at 22:23
Goals
|
| Oilers |
4 |
2 |
1 |
7 |
| Capitals |
1 |
3 |
2 |
6 |
|
Shots
|
| Oilers |
12 |
8 |
12 |
32 |
| Capitals |
7 |
13 |
19 |
39 |
|
1st period
1. Oilers , Pavel Datsyuk 36 (Joe Pavelski, Markus Naslund) at 0:16
2. Oilers , Markus Naslund 18 (Pavel Datsyuk) at 5:57 (PP)
3. Oilers , Brad Boyes 14 (Ilya Kovalchuk, Jonathan Toews) at 16:15
4. Oilers , Joe Pavelski 16 (Markus Naslund, Pavel Datsyuk) at 16:21
5. Capitals , Marian Hossa 22 (Evgeni Malkin) at 18:04 (PP)
Penalties :
Duncan Keith (Edm) for Hooking (Minor) at 0:46, Peter Regin (Was) for Tripping (Minor) at 5:56, Zach Parise (Was) for Hooking (Minor) at 7:56, Steve Sullivan (Was) for Holding (Minor) at 11:31, Steve Begin (Edm) for Hooking (Minor) at 14:01, Rob Scuderi (Edm) for Holding (Minor) at 18:02
2nd period
6. Capitals , Bryce Salvador 4 (Marian Hossa, Evgeni Malkin) at 0:30 (PP)
7. Oilers , Brad Boyes 15 (Ilya Kovalchuk) at 0:40
8. Capitals , Evgeni Malkin 27 (Zach Parise, Bryce Salvador) at 3:37
9. Oilers , Markus Naslund 19 (Joe Pavelski, Pavel Datsyuk) at 3:46
10. Capitals , Marian Hossa 23 (Evgeni Malkin) at 17:45 (PP)
Penalties :
Joe Pavelski (Edm) for Hooking (Minor) at 0:15, Braydon Coburn (Was) for High sticking (Minor) at 7:41, Steve Montador (Edm) for Interference (Minor) at 8:37, Bobby Ryan (Was) for Hooking (Minor) at 11:24, Steve Begin (Edm) for Hooking (Minor) at 17:25
3rd period
11. Oilers , Erik Rasmussen 8 (Joffrey Lupul) at 6:19
12. Capitals , Bobby Ryan 18 (Steve Sullivan) at 16:42
13. Capitals , Ales Hemsky 14 (Braydon Coburn, Thomas Vanek) at 17:37
Penalties :
Braydon Coburn (Was) for Hooking (Minor) at 0:09, Rob Scuderi (Edm) for Hooking (Minor) at 0:00
Goalie Stats
Cam Ward (Edm), 33 saves from 39 shots - (0,846), W, 26-14-5, 60:00 minutes
Niklas Backstrom (Was), 7 saves from 11 shots - (0,636), 16:21 minutes
Nikolai Khabibulin (Was), 18 saves from 21 shots - (0,857), L, 16-12-1, 42:39 minutes
Players Stats for Oilers
Player Name G A P +/- PIM S H SB GA TA FO MP PP MP PK MP
------------------------------------------------------------------------------------
Alexei Yashin 0 0 0 0 0 1 1 1 0 0 7/9 9:32 0:00 2:25
Brad Boyes 2 0 2 1 0 2 2 0 0 0 0/1 14:29 0:00 0:00
Duncan Keith 0 0 0 0 2 2 2 2 0 0 0/0 24:17 6:18 1:43
Eric Nystrom 0 0 0 1 0 2 1 0 0 1 1/1 6:55 0:00 0:46
Erik Rasmussen 1 0 1 1 0 1 0 1 1 1 3/6 9:07 0:00 2:45
Frantisek Kaberle 0 0 0 0 0 0 1 2 0 1 0/0 9:07 0:00 0:00
Ian White 0 0 0 3 0 0 2 2 0 1 0/0 28:42 6:18 2:27
Ilya Kovalchuk 0 2 2 1 0 4 2 1 1 0 0/0 20:05 4:40 0:52
Joe Pavelski 1 2 3 2 2 5 3 2 2 0 2/2 20:30 4:13 0:00
Joffrey Lupul 0 1 1 1 0 1 0 1 0 0 1/1 6:08 0:00 0:00
Jonathan Toews 0 1 1 1 0 2 3 0 0 0 12/27 19:48 4:40 0:14
Karel Pilar 0 0 0 -1 0 0 0 2 0 1 0/0 12:50 2:35 1:35
Markus Naslund 2 2 4 2 0 3 1 0 1 0 0/0 22:43 4:13 2:45
Patrick Kaleta 0 0 0 -1 0 1 1 0 0 0 1/1 12:26 4:25 0:00
Pavel Datsyuk 1 3 4 1 0 5 5 1 1 0 26/38 21:07 4:13 0:00
Rob Scuderi 0 0 0 1 4 0 1 2 0 1 0/0 20:33 0:00 3:04
Steve Begin 0 0 0 -1 4 3 0 1 0 0 0/0 10:24 0:15 1:15
Steve Montador 0 0 0 3 2 0 4 3 0 2 0/0 24:37 2:34 2:13
Players Stats for Capitals
Player Name G A P +/- PIM S H SB GA TA FO MP PP MP PK MP
------------------------------------------------------------------------------------
Adam Hall 0 0 0 0 0 0 0 0 0 1 0/0 4:42 0:00 0:00
Ales Hemsky 1 0 1 -1 0 2 0 0 1 0 0/0 9:45 0:00 0:00
Bobby Ryan 1 0 1 1 2 4 2 0 0 1 0/0 15:40 2:19 0:00
Braydon Coburn 0 1 1 -2 4 1 2 1 2 0 0/0 26:02 2:55 3:35
Brooks Laich 0 0 0 1 0 1 4 1 0 0 6/18 16:38 2:19 0:55
Bryce Salvador 1 1 2 -2 0 3 2 1 0 2 0/0 28:23 2:44 5:32
Chris Kunitz 0 0 0 0 0 2 1 0 0 0 0/0 7:43 0:00 2:50
Danil Markov 0 0 0 -1 0 1 0 0 0 0 0/0 21:56 2:47 3:39
Ed Jovanovski 0 0 0 0 0 0 0 0 0 0 0/0 10:45 0:03 0:08
Evgeni Malkin 1 3 4 -3 0 8 1 0 2 0 24/51 25:06 2:58 4:48
Joe Corvo 0 0 0 -1 0 0 2 2 1 0 0/0 21:42 2:47 3:13
Marian Hossa 2 1 3 -3 0 3 3 0 1 1 1/2 25:04 2:58 4:44
Nicklas Backstrom 0 0 0 0 0 0 0 0 0 0 0/1 4:42 0:00 0:00
Peter Regin 0 0 0 -1 2 0 0 1 0 0 2/9 9:55 0:00 0:00
Ryan Suter 0 0 0 0 0 0 0 0 0 1 0/0 11:26 0:00 1:39
Steve Sullivan 0 1 1 1 2 2 0 0 0 0 0/1 18:30 2:33 2:29
Thomas Vanek 0 1 1 -1 0 6 1 0 0 0 0/1 10:03 0:00 0:07
Zach Parise 0 1 1 -3 2 6 4 0 1 0 0/3 21:56 3:12 1:53
3 Stars
1 - Markus Naslund (Edm)
2 - Pavel Datsyuk (Edm)
3 - Joe Pavelski (Edm)
Power Play
Oilers - 1 on 6 Attempt(s) - 16,67%
Capitals - 3 on 7 Attempt(s) - 42,86%
Penalty Kill
Oilers - 4 on 7 Attempt(s) - 57,14%
- Score 0 goal in Penalty Kill
Capitals - 5 on 6 Attempt(s) - 83,33%
- Score 0 goal in Penalty Kill
Official
Referees : Rooney Chris and Banfield David
Linesman : Tim Nowak and Mike Cvik
Game Notes
Nikolai Khabibulin enters game at 16:21 of 1st period
Alexei Yashin is injured at 10:34 of 3rd period (Back Spasms)
Finance
Level 1 -- Attendance: 5854 (97,57%) -- Ticket Income 450 758 $
Level 2 -- Attendance: 4661 (93,22%) -- Ticket Income 195 762 $
Level 3 -- Attendance: 1759 (87,95%) -- Ticket Income 47 493 $
Level 4 -- Attendance: 4000 (100,00%) -- Ticket Income 64 000 $
Luxury Box -- Attendance: 939 (93,90%) -- Ticket Income 153 057 $
Game was played at the Verizon Center
Total Attendance: 17213 (95,63%)
Total Ticket Income: 911 070 $
Other Income: 136 660 $
Total Income: 1 047 730 $
Oilers
5 vs 5 Forward
Center Left Wing Right Wing Time % Phy DF OF
1 Pavel Datsyuk Markus Naslund Joe Pavelski 39 1 2 2
2 Jonathan Toews Ilya Kovalchuk Brad Boyes 38 1 2 2
3 Alexei Yashin Steve Begin Patrick Kaleta 15 1 2 2
4 Erik Rasmussen Eric Nystrom Joffrey Lupul 8 1 2 2
5 vs 5 Defense
Defense Defense Time % Phy DF OF
1 Ian White Steve Montador 40 1 2 2
2 Duncan Keith Rob Scuderi 34 1 2 2
3 Karel Pilar Frantisek Kaberle 18 1 2 2
4 Duncan Keith Karel Pilar 8 1 2 2
PowerPlay Forward
Center Left Wing Right Wing Time % Phy DF OF
1 Pavel Datsyuk Markus Naslund Joe Pavelski 50 0 1 4
2 Jonathan Toews Ilya Kovalchuk Patrick Kaleta 50 0 1 4
PowerPlay Defense
Defense Defense Time % Phy DF OF
1 Duncan Keith Ian White 66 1 2 2
2 Steve Montador Karel Pilar 34 1 2 2
Penalty Kill 4 Players Forward
Center Wing Time % Phy DF OF
1 Alexei Yashin Steve Begin 50 1 3 1
2 Erik Rasmussen Markus Naslund 50 1 3 1
Penalty Kill 4 Players Defense
Defense Defense Time % Phy DF OF
1 Duncan Keith Rob Scuderi 50 1 3 1
2 Ian White Steve Montador 50 1 3 1
Penalty Kill - 3 Players Forward
Forward Time % Phy DF OF
1 Pavel Datsyuk 50 1 4 0
2 Ilya Kovalchuk 50 1 4 0
Penalty Kill - 3 Players Defense
Defense Defense Time % Phy DF OF
1 Duncan Keith Rob Scuderi 50 1 4 0
2 Ian White Steve Montador 50 1 4 0
4 vs 4 Forward
Center Wing Time % Phy DF OF
1 Jonathan Toews Ilya Kovalchuk 50 1 2 2
2 Pavel Datsyuk Joe Pavelski 50 1 2 2
4 vs 4 Defense
Defense Defense Time % Phy DF OF
1 Ian White Steve Montador 50 1 3 1
2 Duncan Keith Rob Scuderi 50 1 3 1
Last Minutes Offensive
Center Left Wing Right Wing Defense Defense
Pavel Datsyuk Ilya Kovalchuk Joe Pavelski Duncan Keith Ian White
Last Minutes Defensive
Center Left Wing Right Wing Defense Defense
Pavel Datsyuk Markus Naslund Joe Pavelski Duncan Keith Rob Scuderi
Goaltenders
Starting : Cam Ward
Backup : Scott Clemmensen
Extra Forwards
Normal : Steve Begin, Pavel Datsyuk, Ilya Kovalchuk - PP : Steve Begin, Brad Boyes - PK : Ilya Kovalchuk
Extra Defensemen
Normal : Rob Scuderi, Ian White, Duncan Keith - PP : Rob Scuderi - PK : Karel Pilar, Frantisek Kaberle
Penalty Shots
Ilya Kovalchuk, Markus Naslund, Pavel Datsyuk, Brad Boyes, Joe Pavelski
Capitals
5 vs 5 Forward
Center Left Wing Right Wing Time % Phy DF OF
1 Evgeni Malkin Zach Parise Marian Hossa 40 1 2 2
2 Brooks Laich Steve Sullivan Bobby Ryan 30 1 2 2
3 Peter Regin Thomas Vanek Ales Hemsky 20 1 2 2
4 Nicklas Backstrom Chris Kunitz Adam Hall 10 1 2 2
5 vs 5 Defense
Defense Defense Time % Phy DF OF
1 Bryce Salvador Braydon Coburn 40 1 2 2
2 Danil Markov Joe Corvo 30 1 2 2
3 Ed Jovanovski Ryan Suter 20 1 2 2
4 Bryce Salvador Braydon Coburn 10 1 2 2
PowerPlay Forward
Center Left Wing Right Wing Time % Phy DF OF
1 Evgeni Malkin Zach Parise Marian Hossa 60 1 2 2
2 Brooks Laich Steve Sullivan Bobby Ryan 40 1 2 2
PowerPlay Defense
Defense Defense Time % Phy DF OF
1 Bryce Salvador Braydon Coburn 60 1 2 2
2 Danil Markov Joe Corvo 40 1 2 2
Penalty Kill 4 Players Forward
Center Wing Time % Phy DF OF
1 Evgeni Malkin Marian Hossa 60 1 2 2
2 Zach Parise Steve Sullivan 40 1 2 2
Penalty Kill 4 Players Defense
Defense Defense Time % Phy DF OF
1 Bryce Salvador Braydon Coburn 60 1 2 2
2 Danil Markov Joe Corvo 40 1 2 2
Penalty Kill - 3 Players Forward
Forward Time % Phy DF OF
1 Evgeni Malkin 60 1 2 2
2 Marian Hossa 40 1 2 2
Penalty Kill - 3 Players Defense
Defense Defense Time % Phy DF OF
1 Bryce Salvador Braydon Coburn 60 1 2 2
2 Danil Markov Joe Corvo 40 1 2 2
4 vs 4 Forward
Center Wing Time % Phy DF OF
1 Evgeni Malkin Marian Hossa 60 1 2 2
2 Zach Parise Steve Sullivan 40 1 2 2
4 vs 4 Defense
Defense Defense Time % Phy DF OF
1 Bryce Salvador Braydon Coburn 60 1 2 2
2 Danil Markov Joe Corvo 40 1 2 2
Last Minutes Offensive
Center Left Wing Right Wing Defense Defense
Evgeni Malkin Zach Parise Marian Hossa Bryce Salvador Braydon Coburn
Last Minutes Defensive
Center Left Wing Right Wing Defense Defense
Evgeni Malkin Zach Parise Marian Hossa Bryce Salvador Braydon Coburn
Goaltenders
Starting : Niklas Backstrom
Backup : Nikolai Khabibulin
Extra Forwards
Normal : Thomas Vanek, Peter Regin, Chris Kunitz - PP : Thomas Vanek, Peter Regin - PK : Chris Kunitz
Extra Defensemen
Normal : Ed Jovanovski, Ryan Suter, Danil Markov - PP : Ed Jovanovski - PK : Ryan Suter, Danil Markov
Penalty Shots
Evgeni Malkin, Marian Hossa, Zach Parise, Steve Sullivan, Thomas Vanek
% Time on Ice - Oilers
Lines # - Real PCT - Wanted PCT - Time Play
Normal Forward
1 - 34% - 39% - 14:43
2 - 32% - 38% - 13:44
3 - 20% - 15% - 8:46
4 - 14% - 8% - 6:08
Normal Defense
1 - 46% - 40% - 19:59
2 - 36% - 34% - 15:43
3 - 16% - 18% - 7:00
4 - 1% - 8% - 0:39
PP Forward
1 - 47% - 50% - 4:13
2 - 53% - 50% - 4:40
PP Defense
1 - 71% - 66% - 6:18
2 - 29% - 34% - 2:35
PK Forward
1 - 50% - 50% - 2:46
2 - 50% - 50% - 2:45
PK Defense
1 - 56% - 50% - 3:05
2 - 44% - 50% - 2:26
PK3 Forward
1 - 0% - 50%
2 - 0% - 50%
PK3 Defense
1 - 0% - 50%
2 - 0% - 50%
44 Forward
1 - 48% - 50% - 0:30
2 - 52% - 50% - 0:33
44 Defense
1 - 65% - 50% - 0:41
2 - 35% - 50% - 0:22
Last Minute Offensive - 0:00
Last Minute Defensive - 1:12
Total
Forward - 60:00
Defense - 60:00
|
% Time on Ice - Capitals
Lines # - Real PCT - Wanted PCT - Time Play
Normal Forward
1 - 36% - 40% - 15:38
2 - 31% - 30% - 13:19
3 - 22% - 20% - 9:45
4 - 11% - 10% - 4:42
Normal Defense
1 - 42% - 40% - 18:19
2 - 34% - 30% - 14:49
3 - 23% - 20% - 9:47
4 - 1% - 10% - 0:29
PP Forward
1 - 54% - 60% - 2:58
2 - 46% - 40% - 2:33
PP Defense
1 - 50% - 60% - 2:44
2 - 50% - 40% - 2:47
PK Forward
1 - 70% - 60% - 6:14
2 - 30% - 40% - 2:39
PK Defense
1 - 64% - 60% - 5:40
2 - 36% - 40% - 3:13
PK3 Forward
1 - 0% - 60%
2 - 0% - 40%
PK3 Defense
1 - 0% - 60%
2 - 0% - 40%
44 Forward
1 - 84% - 60% - 0:53
2 - 16% - 40% - 0:10
44 Defense
1 - 57% - 60% - 0:36
2 - 43% - 40% - 0:27
Last Minute Offensive - 1:09
Last Minute Defensive - 0:00
Total
Forward - 60:00
Defense - 60:00
|
Play by Play
1st period
0:01 of 1st period - Pavel Datsyuk wins face-off versus Zach Parise in neutral zone.
0:16 of 1st period - Wrist shot by Pavel Datsyuk.
0:16 of 1st period - Goal by Pavel Datsyuk - Oilers : 1 - Capitals : 0.
0:17 of 1st period - Jonathan Toews wins face-off versus Brooks Laich in neutral zone.
0:24 of 1st period - Slapshot by Ilya Kovalchuk.
0:24 of 1st period - Stopped by Niklas Backstrom without a rebound.
0:25 of 1st period - Brooks Laich wins face-off versus Jonathan Toews in Capitals zone.
0:46 of 1st period - Minor Penalty to Duncan Keith for Hooking.
0:47 of 1st period - Alexei Yashin wins face-off versus Evgeni Malkin in Oilers zone.
1:23 of 1st period - Slapshot by Steve Sullivan.
1:23 of 1st period - Stopped by Cam Ward with a rebound.
1:25 of 1st period - Wrist shot by Bobby Ryan.
1:25 of 1st period - Stopped by Cam Ward without a rebound.
1:26 of 1st period - Marian Hossa wins face-off versus Alexei Yashin in Oilers zone.
1:51 of 1st period - Steve Montador is hit by Brooks Laich and loses puck.
2:10 of 1st period - Steve Montador is hit by Evgeni Malkin and loses puck.
2:46 of 1st period - Penalty to Duncan Keith is over, Duncan Keith is back on ice.
2:49 of 1st period - Thomas Vanek is hit by Rob Scuderi and loses puck.
2:56 of 1st period - Jonathan Toews is hit by Braydon Coburn and loses puck.
3:27 of 1st period - Snap shot by Eric Nystrom.
3:27 of 1st period - Stopped by Niklas Backstrom without a rebound.
3:28 of 1st period - Erik Rasmussen wins face-off versus Brooks Laich in Capitals zone.
3:47 of 1st period - Icing by Bryce Salvador.
3:48 of 1st period - Jonathan Toews wins face-off versus Brooks Laich in Capitals zone.
3:59 of 1st period - Wrist shot by Pavel Datsyuk.
3:59 of 1st period - Shot Blocked by Bryce Salvador.
4:16 of 1st period - Off-side.
4:17 of 1st period - Evgeni Malkin wins face-off versus Jonathan Toews in neutral zone.
4:22 of 1st period - Snap shot by Evgeni Malkin.
4:22 of 1st period - Shot Misses the Net.
4:24 of 1st period - Snap shot by Evgeni Malkin.
4:24 of 1st period - Deflect By Ilya Kovalchuk.
4:24 of 1st period - Shot Misses the Net.
4:24 of 1st period - Puck is out of play.
4:25 of 1st period - Jonathan Toews wins face-off versus Evgeni Malkin in Oilers zone.
5:16 of 1st period - Zach Parise is hit by Joe Pavelski and loses puck.
5:35 of 1st period - Snap shot by Thomas Vanek.
5:35 of 1st period - Shot Blocked by Rob Scuderi.
5:37 of 1st period - Slapshot by Joe Corvo.
5:37 of 1st period - Deflect By Thomas Vanek.
5:37 of 1st period - Shot Misses the Net.
5:37 of 1st period - Puck is out of play.
5:38 of 1st period - Peter Regin wins face-off versus Jonathan Toews in Oilers zone.
5:56 of 1st period - Minor Penalty to Peter Regin for Tripping.
5:57 of 1st period - Pavel Datsyuk wins face-off versus Evgeni Malkin in Capitals zone.
5:57 of 1st period - Wrist shot by Markus Naslund.
5:57 of 1st period - Goal by Markus Naslund - Oilers : 2 - Capitals : 0.
5:58 of 1st period - Pavel Datsyuk wins face-off versus Evgeni Malkin in neutral zone.
6:23 of 1st period - Ilya Kovalchuk is hit by Bobby Ryan.
6:49 of 1st period - Ed Jovanovski is hit by Steve Montador and loses puck.
7:02 of 1st period - Snap shot by Chris Kunitz.
7:02 of 1st period - Shot Blocked by Steve Montador.
7:22 of 1st period - Erik Rasmussen is hit by Zach Parise and loses puck.
7:41 of 1st period - Snap shot by Joe Pavelski.
7:41 of 1st period - Stopped by Niklas Backstrom without a rebound.
7:42 of 1st period - Pavel Datsyuk wins face-off versus Steve Sullivan in Capitals zone.
7:47 of 1st period - Wrist shot by Joe Pavelski.
7:47 of 1st period - Shot Misses the Net.
7:49 of 1st period - Slapshot by Duncan Keith.
7:49 of 1st period - Deflect By Danil Markov.
7:49 of 1st period - Stopped by Niklas Backstrom without a rebound.
7:50 of 1st period - Pavel Datsyuk wins face-off versus Evgeni Malkin in Capitals zone.
7:56 of 1st period - Minor Penalty to Zach Parise for Hooking.
7:57 of 1st period - Evgeni Malkin wins face-off versus Jonathan Toews in Capitals zone.
8:39 of 1st period - Wrist shot by Pavel Datsyuk.
8:39 of 1st period - Shot Blocked by Braydon Coburn.
9:56 of 1st period - Penalty to Zach Parise is over, Zach Parise is back on ice.
10:11 of 1st period - Slapshot by Thomas Vanek.
10:11 of 1st period - Stopped by Cam Ward with a rebound.
10:21 of 1st period - Ryan Suter is hit by Steve Montador and loses puck.
11:15 of 1st period - Rob Scuderi is hit by Marian Hossa and loses puck.
11:22 of 1st period - Snap shot by Evgeni Malkin.
11:22 of 1st period - Shot Misses the Net.
11:31 of 1st period - Minor Penalty to Steve Sullivan for Holding.
11:32 of 1st period - Evgeni Malkin wins face-off versus Pavel Datsyuk in Capitals zone.
11:32 of 1st period - Evgeni Malkin is hit by Duncan Keith.
12:06 of 1st period - Evgeni Malkin is hit by Jonathan Toews and loses puck.
13:31 of 1st period - Penalty to Steve Sullivan is over, Steve Sullivan is back on ice.
14:01 of 1st period - Minor Penalty to Steve Begin for Hooking.
14:02 of 1st period - Brooks Laich wins face-off versus Erik Rasmussen in Oilers zone.
14:13 of 1st period - Bobby Ryan is hit by Ilya Kovalchuk and loses puck.
16:01 of 1st period - Penalty to Steve Begin is over, Steve Begin is back on ice.
16:07 of 1st period - Wrist shot by Jonathan Toews.
16:07 of 1st period - Stopped by Niklas Backstrom without a rebound.
16:08 of 1st period - Jonathan Toews wins face-off versus Thomas Vanek in Capitals zone.
16:11 of 1st period - Wrist shot by Ilya Kovalchuk.
16:11 of 1st period - Stopped by Niklas Backstrom without a rebound.
16:12 of 1st period - Jonathan Toews wins face-off versus Peter Regin in Capitals zone.
16:15 of 1st period - Slapshot by Brad Boyes.
16:15 of 1st period - Goal by Brad Boyes - Oilers : 3 - Capitals : 0.
16:16 of 1st period - Pavel Datsyuk wins face-off versus Evgeni Malkin in neutral zone.
16:19 of 1st period - Snap shot by Markus Naslund.
16:19 of 1st period - Stopped by Niklas Backstrom with a rebound.
16:21 of 1st period - Wrist shot by Joe Pavelski.
16:21 of 1st period - Goal by Joe Pavelski - Oilers : 4 - Capitals : 0.
16:21 of 1st period - Nikolai Khabibulin enters game.
16:22 of 1st period - Pavel Datsyuk wins face-off versus Evgeni Malkin in neutral zone.
16:27 of 1st period - Snap shot by Ian White.
16:27 of 1st period - Shot Misses the Net.
16:29 of 1st period - Snap shot by Markus Naslund.
16:29 of 1st period - Deflect By Joe Pavelski.
16:29 of 1st period - Shot Misses the Net.
16:29 of 1st period - Puck is out of play.
16:30 of 1st period - Evgeni Malkin wins face-off versus Pavel Datsyuk in Capitals zone.
17:05 of 1st period - Snap shot by Bobby Ryan.
17:05 of 1st period - Shot Blocked by Steve Montador.
17:17 of 1st period - Slapshot by Braydon Coburn.
17:17 of 1st period - Shot Misses the Net.
17:44 of 1st period - Wrist shot by Chris Kunitz.
17:44 of 1st period - Stopped by Cam Ward with a rebound.
17:46 of 1st period - Wrist shot by Chris Kunitz.
17:46 of 1st period - Stopped by Cam Ward with a rebound.
18:00 of 1st period - Snap shot by Evgeni Malkin.
18:00 of 1st period - Stopped by Cam Ward with a rebound.
18:02 of 1st period - Minor Penalty to Rob Scuderi for Holding.
18:03 of 1st period - Evgeni Malkin wins face-off versus Erik Rasmussen in Oilers zone.
18:04 of 1st period - Wrist shot by Marian Hossa.
18:04 of 1st period - Goal by Marian Hossa - Oilers : 4 - Capitals : 1.
18:05 of 1st period - Jonathan Toews wins face-off versus Evgeni Malkin in neutral zone.
18:44 of 1st period - Icing by Bobby Ryan.
18:45 of 1st period - Jonathan Toews wins face-off versus Brooks Laich in Capitals zone.
18:50 of 1st period - Wrist shot by Ilya Kovalchuk.
18:50 of 1st period - Deflect By Jonathan Toews.
18:50 of 1st period - Shot Blocked by Brooks Laich.
18:50 of 1st period - Puck is out of play.
18:51 of 1st period - Evgeni Malkin wins face-off versus Jonathan Toews in Capitals zone.
18:51 of 1st period - Evgeni Malkin is hit by Jonathan Toews.
19:17 of 1st period - Pavel Datsyuk is hit by Brooks Laich and loses puck.
19:50 of 1st period - Snap shot by Alexei Yashin.
19:50 of 1st period - Stopped by Nikolai Khabibulin with a rebound.
Goals for this period are 4 for Oilers vs 1 for Capitals.
Shots for this period are 12 for Oilers vs 7 for Capitals.
2nd period
0:01 of 2nd period - Jonathan Toews wins face-off versus Evgeni Malkin in neutral zone.
0:10 of 2nd period - Snap shot by Marian Hossa.
0:10 of 2nd period - Shot Blocked by Steve Montador.
0:12 of 2nd period - Wrist shot by Evgeni Malkin.
0:12 of 2nd period - Stopped by Cam Ward without a rebound.
0:13 of 2nd period - Pavel Datsyuk wins face-off versus Evgeni Malkin in Oilers zone.
0:15 of 2nd period - Minor Penalty to Joe Pavelski for Hooking.
0:16 of 2nd period - Erik Rasmussen wins face-off versus Evgeni Malkin in Oilers zone.
0:28 of 2nd period - Wrist shot by Marian Hossa.
0:28 of 2nd period - Shot Misses the Net.
0:30 of 2nd period - Slapshot by Bryce Salvador.
0:30 of 2nd period - Goal by Bryce Salvador - Oilers : 4 - Capitals : 2.
0:31 of 2nd period - Evgeni Malkin wins face-off versus Jonathan Toews in neutral zone.
0:40 of 2nd period - Slapshot by Brad Boyes.
0:40 of 2nd period - Goal by Brad Boyes - Oilers : 5 - Capitals : 2.
0:41 of 2nd period - Pavel Datsyuk wins face-off versus Evgeni Malkin in neutral zone.
0:51 of 2nd period - Off-side.
0:52 of 2nd period - Evgeni Malkin wins face-off versus Jonathan Toews in neutral zone.
1:24 of 2nd period - Snap shot by Markus Naslund.
1:24 of 2nd period - Shot Misses the Net.
1:42 of 2nd period - Braydon Coburn is hit by Patrick Kaleta and loses puck.
1:49 of 2nd period - Slapshot by Braydon Coburn.
1:49 of 2nd period - Shot Misses the Net.
2:18 of 2nd period - Marian Hossa is hit by Duncan Keith.
3:10 of 2nd period - Wrist shot by Peter Regin.
3:10 of 2nd period - Shot Blocked by Steve Begin.
3:30 of 2nd period - Off-side.
3:31 of 2nd period - Evgeni Malkin wins face-off versus Jonathan Toews in neutral zone.
3:37 of 2nd period - Snap shot by Evgeni Malkin.
3:37 of 2nd period - Goal by Evgeni Malkin - Oilers : 5 - Capitals : 3.
3:38 of 2nd period - Pavel Datsyuk wins face-off versus Zach Parise in neutral zone.
3:46 of 2nd period - Wrist shot by Markus Naslund.
3:46 of 2nd period - Goal by Markus Naslund - Oilers : 6 - Capitals : 3.
3:47 of 2nd period - Evgeni Malkin wins face-off versus Pavel Datsyuk in neutral zone.
3:58 of 2nd period - Snap shot by Evgeni Malkin.
3:58 of 2nd period - Shot Blocked by Pavel Datsyuk.
4:04 of 2nd period - Pavel Datsyuk is hit by Zach Parise and loses puck.
4:29 of 2nd period - Wrist shot by Brooks Laich.
4:29 of 2nd period - Shot Hit the Post.
4:39 of 2nd period - Snap shot by Thomas Vanek.
4:39 of 2nd period - Stopped by Cam Ward without a rebound.
4:40 of 2nd period - Alexei Yashin wins face-off versus Peter Regin in Oilers zone.
5:35 of 2nd period - Off-side.
5:36 of 2nd period - Jonathan Toews wins face-off versus Evgeni Malkin in neutral zone.
5:41 of 2nd period - Slapshot by Ilya Kovalchuk.
5:41 of 2nd period - Stopped by Nikolai Khabibulin without a rebound.
5:42 of 2nd period - Evgeni Malkin wins face-off versus Jonathan Toews in Capitals zone.
5:49 of 2nd period - Brad Boyes is hit by Marian Hossa and loses puck.
6:18 of 2nd period - Wrist shot by Brooks Laich.
6:18 of 2nd period - Stopped by Cam Ward without a rebound.
6:19 of 2nd period - Evgeni Malkin wins face-off versus Jonathan Toews in Oilers zone.
6:20 of 2nd period - Wrist shot by Zach Parise.
6:20 of 2nd period - Shot Blocked by Karel Pilar.
6:27 of 2nd period - Off-side.
6:28 of 2nd period - Evgeni Malkin wins face-off versus Jonathan Toews in neutral zone.
6:33 of 2nd period - Ilya Kovalchuk is hit by Zach Parise and loses puck.
6:40 of 2nd period - Wrist shot by Evgeni Malkin.
6:40 of 2nd period - Stopped by Cam Ward without a rebound.
6:41 of 2nd period - Pavel Datsyuk wins face-off versus Evgeni Malkin in Oilers zone.
6:54 of 2nd period - Snap shot by Marian Hossa.
6:54 of 2nd period - Shot Misses the Net.
6:56 of 2nd period - Slapshot by Braydon Coburn.
6:56 of 2nd period - Shot Blocked by Joe Pavelski.
7:08 of 2nd period - Braydon Coburn is hit by Steve Montador and loses puck.
7:28 of 2nd period - Off-side.
7:29 of 2nd period - Alexei Yashin wins face-off versus Peter Regin in neutral zone.
7:32 of 2nd period - Snap shot by Duncan Keith.
7:32 of 2nd period - Stopped by Nikolai Khabibulin without a rebound.
7:33 of 2nd period - Pavel Datsyuk wins face-off versus Evgeni Malkin in Capitals zone.
7:34 of 2nd period - Wrist shot by Joe Pavelski.
7:34 of 2nd period - Stopped by Nikolai Khabibulin without a rebound.
7:35 of 2nd period - Pavel Datsyuk wins face-off versus Evgeni Malkin in Capitals zone.
7:41 of 2nd period - Minor Penalty to Braydon Coburn for High sticking.
7:42 of 2nd period - Evgeni Malkin wins face-off versus Pavel Datsyuk in Capitals zone.
8:17 of 2nd period - Snap shot by Ilya Kovalchuk.
8:17 of 2nd period - Stopped by Nikolai Khabibulin with a rebound.
8:37 of 2nd period - Minor Penalty to Steve Montador for Interference.
8:38 of 2nd period - Evgeni Malkin wins face-off versus Jonathan Toews in Oilers zone.
9:09 of 2nd period - Slapshot by Thomas Vanek.
9:09 of 2nd period - Shot Misses the Net.
9:11 of 2nd period - Slapshot by Bryce Salvador.
9:11 of 2nd period - Shot Blocked by Joe Pavelski.
9:13 of 2nd period - Snap shot by Thomas Vanek.
9:13 of 2nd period - Stopped by Cam Ward without a rebound.
9:14 of 2nd period - Pavel Datsyuk wins face-off versus Marian Hossa in Oilers zone.
9:23 of 2nd period - Marian Hossa is hit by Pavel Datsyuk and loses puck.
9:41 of 2nd period - Penalty to Braydon Coburn is over, Braydon Coburn is back on ice.
9:52 of 2nd period - Snap shot by Zach Parise.
9:52 of 2nd period - Shot Blocked by Karel Pilar.
9:54 of 2nd period - Snap shot by Steve Sullivan.
9:54 of 2nd period - Stopped by Cam Ward without a rebound.
9:55 of 2nd period - Erik Rasmussen wins face-off versus Brooks Laich in Oilers zone.
9:55 of 2nd period - Erik Rasmussen is hit by Brooks Laich.
10:07 of 2nd period - Rob Scuderi is hit by Brooks Laich and loses puck.
10:37 of 2nd period - Penalty to Steve Montador is over, Steve Montador is back on ice.
10:59 of 2nd period - Wrist shot by Ilya Kovalchuk.
10:59 of 2nd period - Shot Blocked by Joe Corvo.
11:01 of 2nd period - Snap shot by Jonathan Toews.
11:01 of 2nd period - Deflect By Ilya Kovalchuk.
11:01 of 2nd period - Shot Misses the Net.
11:01 of 2nd period - Puck is out of play.
11:02 of 2nd period - Alexei Yashin wins face-off versus Brooks Laich in Capitals zone.
11:24 of 2nd period - Minor Penalty to Bobby Ryan for Hooking.
11:25 of 2nd period - Evgeni Malkin wins face-off versus Pavel Datsyuk in Capitals zone.
11:25 of 2nd period - Evgeni Malkin is hit by Joe Pavelski.
11:43 of 2nd period - Braydon Coburn is hit by Ian White and loses puck.
13:24 of 2nd period - Penalty to Bobby Ryan is over, Bobby Ryan is back on ice.
13:36 of 2nd period - Ales Hemsky is hit by Eric Nystrom.
13:40 of 2nd period - Slapshot by Bryce Salvador.
13:40 of 2nd period - Shot Blocked by Joffrey Lupul.
14:34 of 2nd period - Snap shot by Thomas Vanek.
14:34 of 2nd period - Stopped by Cam Ward with a rebound.
14:36 of 2nd period - Snap shot by Ales Hemsky.
14:36 of 2nd period - Stopped by Cam Ward without a rebound.
14:37 of 2nd period - Joe Pavelski wins face-off versus Peter Regin in Oilers zone.
14:55 of 2nd period - Danil Markov is hit by Frantisek Kaberle and loses puck.
15:16 of 2nd period - Wrist shot by Evgeni Malkin.
15:16 of 2nd period - Shot Blocked by Ian White.
15:18 of 2nd period - Wrist shot by Zach Parise.
15:18 of 2nd period - Stopped by Cam Ward without a rebound.
15:19 of 2nd period - Pavel Datsyuk wins face-off versus Brooks Laich in Oilers zone.
16:11 of 2nd period - Slapshot by Steve Begin.
16:11 of 2nd period - Stopped by Nikolai Khabibulin with a rebound.
16:13 of 2nd period - Slapshot by Steve Begin.
16:13 of 2nd period - Stopped by Nikolai Khabibulin without a rebound.
16:14 of 2nd period - Peter Regin wins face-off versus Pavel Datsyuk in Capitals zone.
16:14 of 2nd period - Peter Regin is hit by Steve Montador.
16:20 of 2nd period - Bryce Salvador is hit by Pavel Datsyuk.
16:29 of 2nd period - Snap shot by Pavel Datsyuk.
16:29 of 2nd period - Shot Blocked by Peter Regin.
16:39 of 2nd period - Brad Boyes is hit by Braydon Coburn and loses puck.
16:59 of 2nd period - Icing by Jonathan Toews.
17:00 of 2nd period - Alexei Yashin wins face-off versus Brooks Laich in Oilers zone.
17:00 of 2nd period - Alexei Yashin is hit by Bobby Ryan.
17:18 of 2nd period - Alexei Yashin is hit by Bryce Salvador and loses puck.
17:25 of 2nd period - Minor Penalty to Steve Begin for Hooking.
17:26 of 2nd period - Evgeni Malkin wins face-off versus Erik Rasmussen in Oilers zone.
17:35 of 2nd period - Slapshot by Zach Parise.
17:35 of 2nd period - Shot Blocked by Erik Rasmussen.
17:37 of 2nd period - Wrist shot by Marian Hossa.
17:37 of 2nd period - Shot Misses the Net.
17:39 of 2nd period - Slapshot by Bryce Salvador.
17:39 of 2nd period - Deflect By Marian Hossa.
17:39 of 2nd period - Shot Misses the Net.
17:39 of 2nd period - Puck is out of play.
17:40 of 2nd period - Evgeni Malkin wins face-off versus Alexei Yashin in Oilers zone.
17:45 of 2nd period - Slapshot by Marian Hossa.
17:45 of 2nd period - Goal by Marian Hossa - Oilers : 6 - Capitals : 4.
17:46 of 2nd period - Evgeni Malkin wins face-off versus Pavel Datsyuk in neutral zone.
17:51 of 2nd period - Wrist shot by Evgeni Malkin.
17:51 of 2nd period - Stopped by Cam Ward with a rebound.
18:12 of 2nd period - Brad Boyes is hit by Bryce Salvador.
18:32 of 2nd period - Wrist shot by Erik Rasmussen.
18:32 of 2nd period - Deflect By Joffrey Lupul.
18:32 of 2nd period - Shot Misses the Net.
18:32 of 2nd period - Puck is out of play.
18:33 of 2nd period - Eric Nystrom wins face-off versus Evgeni Malkin in Capitals zone.
19:04 of 2nd period - Wrist shot by Markus Naslund.
19:04 of 2nd period - Shot Misses the Net.
19:42 of 2nd period - Bobby Ryan is hit by Alexei Yashin and loses puck.
19:46 of 2nd period - Icing by Steve Sullivan.
19:47 of 2nd period - Alexei Yashin wins face-off versus Brooks Laich in Capitals zone.
Goals for this period are 2 for Oilers vs 3 for Capitals.
Shots for this period are 8 for Oilers vs 13 for Capitals.
3rd period
0:01 of 3rd period - Evgeni Malkin wins face-off versus Pavel Datsyuk in neutral zone.
0:04 of 3rd period - Slapshot by Braydon Coburn.
0:04 of 3rd period - Shot Blocked by Duncan Keith.
0:09 of 3rd period - Minor Penalty to Braydon Coburn for Hooking.
0:10 of 3rd period - Pavel Datsyuk wins face-off versus Evgeni Malkin in Capitals zone.
0:23 of 3rd period - Wrist shot by Joe Pavelski.
0:23 of 3rd period - Stopped by Nikolai Khabibulin with a rebound.
1:27 of 3rd period - Bryce Salvador is hit by Joe Pavelski and loses puck.
1:59 of 3rd period - Bryce Salvador is hit by Ian White and loses puck.
2:09 of 3rd period - Penalty to Braydon Coburn is over, Braydon Coburn is back on ice.
2:28 of 3rd period - Erik Rasmussen is hit by Thomas Vanek and loses puck.
2:39 of 3rd period - Wrist shot by Nicklas Backstrom.
2:39 of 3rd period - Shot Blocked by Frantisek Kaberle.
3:20 of 3rd period - Snap shot by Evgeni Malkin.
3:20 of 3rd period - Stopped by Cam Ward without a rebound.
3:21 of 3rd period - Pavel Datsyuk wins face-off versus Zach Parise in Oilers zone.
3:47 of 3rd period - Off-side.
3:48 of 3rd period - Jonathan Toews wins face-off versus Brooks Laich in neutral zone.
4:03 of 3rd period - Steve Sullivan is hit by Ilya Kovalchuk.
4:22 of 3rd period - Ryan Suter is hit by Brad Boyes and loses puck.
4:52 of 3rd period - Snap shot by Steve Sullivan.
4:52 of 3rd period - Shot Misses the Net.
4:54 of 3rd period - Slapshot by Ed Jovanovski.
4:54 of 3rd period - Shot Blocked by Frantisek Kaberle.
4:56 of 3rd period - Backhand shot by Ryan Suter.
4:56 of 3rd period - Shot Misses the Net.
4:58 of 3rd period - Slapshot by Ryan Suter.
4:58 of 3rd period - Shot Misses the Net.
5:00 of 3rd period - Slapshot by Ed Jovanovski.
5:00 of 3rd period - Shot Blocked by Ilya Kovalchuk.
5:17 of 3rd period - Wrist shot by Bobby Ryan.
5:17 of 3rd period - Shot Misses the Net.
5:19 of 3rd period - Wrist shot by Bobby Ryan.
5:19 of 3rd period - Stopped by Cam Ward without a rebound.
5:20 of 3rd period - Pavel Datsyuk wins face-off versus Evgeni Malkin in Oilers zone.
5:30 of 3rd period - Bryce Salvador is hit by Markus Naslund and loses puck.
5:45 of 3rd period - Steve Montador is hit by Chris Kunitz and loses puck.
6:08 of 3rd period - Slapshot by Ian White.
6:08 of 3rd period - Deflect By Eric Nystrom.
6:08 of 3rd period - Stopped by Nikolai Khabibulin with a rebound.
6:19 of 3rd period - Wrist shot by Erik Rasmussen.
6:19 of 3rd period - Goal by Erik Rasmussen - Oilers : 7 - Capitals : 4.
6:20 of 3rd period - Pavel Datsyuk wins face-off versus Evgeni Malkin in neutral zone.
6:23 of 3rd period - Snap shot by Rob Scuderi.
6:23 of 3rd period - Deflect By Joe Pavelski.
6:23 of 3rd period - Shot Misses the Net.
6:23 of 3rd period - Puck is out of play.
6:24 of 3rd period - Joe Pavelski wins face-off versus Evgeni Malkin in Capitals zone.
6:29 of 3rd period - Snap shot by Pavel Datsyuk.
6:29 of 3rd period - Stopped by Nikolai Khabibulin with a rebound.
6:50 of 3rd period - Off-side.
6:51 of 3rd period - Brooks Laich wins face-off versus Jonathan Toews in neutral zone.
6:53 of 3rd period - Off-side.
6:54 of 3rd period - Brooks Laich wins face-off versus Jonathan Toews in neutral zone.
7:05 of 3rd period - Icing by Joe Corvo.
7:06 of 3rd period - Brooks Laich wins face-off versus Pavel Datsyuk in Capitals zone.
7:06 of 3rd period - Brooks Laich is hit by Pavel Datsyuk.
7:12 of 3rd period - Slapshot by Pavel Datsyuk.
7:12 of 3rd period - Shot Misses the Net.
7:36 of 3rd period - Snap shot by Evgeni Malkin.
7:36 of 3rd period - Stopped by Cam Ward without a rebound.
7:37 of 3rd period - Evgeni Malkin wins face-off versus Jonathan Toews in Oilers zone.
7:40 of 3rd period - Slapshot by Zach Parise.
7:40 of 3rd period - Stopped by Cam Ward without a rebound.
7:41 of 3rd period - Jonathan Toews wins face-off versus Evgeni Malkin in Oilers zone.
8:16 of 3rd period - Brooks Laich is hit by Pavel Datsyuk and loses puck.
8:30 of 3rd period - Wrist shot by Braydon Coburn.
8:30 of 3rd period - Shot Misses the Net.
9:07 of 3rd period - Snap shot by Jonathan Toews.
9:07 of 3rd period - Stopped by Nikolai Khabibulin without a rebound.
9:08 of 3rd period - Pavel Datsyuk wins face-off versus Evgeni Malkin in Capitals zone.
9:13 of 3rd period - Wrist shot by Pavel Datsyuk.
9:13 of 3rd period - Stopped by Nikolai Khabibulin without a rebound.
9:14 of 3rd period - Evgeni Malkin wins face-off versus Pavel Datsyuk in Capitals zone.
9:14 of 3rd period - Evgeni Malkin is hit by Pavel Datsyuk.
9:27 of 3rd period - Slapshot by Danil Markov.
9:27 of 3rd period - Stopped by Cam Ward without a rebound.
9:28 of 3rd period - Pavel Datsyuk wins face-off versus Evgeni Malkin in Oilers zone.
9:53 of 3rd period - Brooks Laich is hit by Jonathan Toews and loses puck.
10:16 of 3rd period - Backhand shot by Steve Begin.
10:16 of 3rd period - Shot Misses the Net.
10:18 of 3rd period - Snap shot by Steve Begin.
10:18 of 3rd period - Stopped by Nikolai Khabibulin without a rebound.
10:19 of 3rd period - Alexei Yashin wins face-off versus Evgeni Malkin in Capitals zone.
10:34 of 3rd period - Snap shot by Evgeni Malkin.
10:34 of 3rd period - Shot Blocked by Alexei Yashin.
10:34 of 3rd period - Alexei Yashin from Oilers is injured at 10:34 of 3rd period (Back Spasms).
10:35 of 3rd period - Evgeni Malkin wins face-off versus Pavel Datsyuk in Oilers zone.
10:44 of 3rd period - Snap shot by Zach Parise.
10:44 of 3rd period - Deflect By Evgeni Malkin.
10:44 of 3rd period - Shot Blocked by Duncan Keith.
10:44 of 3rd period - Puck is out of play.
10:45 of 3rd period - Pavel Datsyuk wins face-off versus Evgeni Malkin in Oilers zone.
11:11 of 3rd period - Slapshot by Joe Pavelski.
11:11 of 3rd period - Stopped by Nikolai Khabibulin with a rebound.
11:19 of 3rd period - Duncan Keith is hit by Marian Hossa and loses puck.
11:54 of 3rd period - Rob Scuderi is hit by Zach Parise and loses puck.
12:01 of 3rd period - Wrist shot by Zach Parise.
12:01 of 3rd period - Stopped by Cam Ward with a rebound.
12:03 of 3rd period - Snap shot by Zach Parise.
12:03 of 3rd period - Shot Misses the Net.
12:05 of 3rd period - Slapshot by Bryce Salvador.
12:05 of 3rd period - Stopped by Cam Ward without a rebound.
12:06 of 3rd period - Brooks Laich wins face-off versus Brad Boyes in Oilers zone.
12:07 of 3rd period - Slapshot by Bobby Ryan.
12:07 of 3rd period - Stopped by Cam Ward without a rebound.
12:08 of 3rd period - Jonathan Toews wins face-off versus Brooks Laich in Oilers zone.
12:23 of 3rd period - Bobby Ryan is hit by Brad Boyes and loses puck.
14:51 of 3rd period - Snap shot by Pavel Datsyuk.
14:51 of 3rd period - Stopped by Nikolai Khabibulin with a rebound.
14:53 of 3rd period - Wrist shot by Karel Pilar.
14:53 of 3rd period - Shot Misses the Net.
15:24 of 3rd period - Icing by Adam Hall.
15:25 of 3rd period - Joffrey Lupul wins face-off versus Peter Regin in Capitals zone.
15:28 of 3rd period - Snap shot by Eric Nystrom.
15:28 of 3rd period - Shot Blocked by Joe Corvo.
15:30 of 3rd period - Slapshot by Erik Rasmussen.
15:30 of 3rd period - Shot Misses the Net.
15:32 of 3rd period - Snap shot by Joffrey Lupul.
15:32 of 3rd period - Stopped by Nikolai Khabibulin with a rebound.
15:34 of 3rd period - Slapshot by Steve Montador.
15:34 of 3rd period - Shot Misses the Net.
16:32 of 3rd period - Snap shot by Bryce Salvador.
16:32 of 3rd period - Stopped by Cam Ward without a rebound.
16:33 of 3rd period - Patrick Kaleta wins face-off versus Brooks Laich in Oilers zone.
16:42 of 3rd period - Snap shot by Bobby Ryan.
16:42 of 3rd period - Goal by Bobby Ryan - Oilers : 7 - Capitals : 5.
16:43 of 3rd period - Pavel Datsyuk wins face-off versus Peter Regin in neutral zone.
16:46 of 3rd period - Snap shot by Pavel Datsyuk.
16:46 of 3rd period - Stopped by Nikolai Khabibulin with a rebound.
16:51 of 3rd period - Off-side.
16:52 of 3rd period - Pavel Datsyuk wins face-off versus Peter Regin in neutral zone.
17:21 of 3rd period - Slapshot by Peter Regin.
17:21 of 3rd period - Shot Blocked by Ian White.
17:29 of 3rd period - Wrist shot by Thomas Vanek.
17:29 of 3rd period - Stopped by Cam Ward with a rebound.
17:31 of 3rd period - Snap shot by Thomas Vanek.
17:31 of 3rd period - Shot Misses the Net.
17:33 of 3rd period - Slapshot by Thomas Vanek.
17:33 of 3rd period - Stopped by Cam Ward with a rebound.
17:35 of 3rd period - Slapshot by Braydon Coburn.
17:35 of 3rd period - Shot Misses the Net.
17:37 of 3rd period - Snap shot by Ales Hemsky.
17:37 of 3rd period - Goal by Ales Hemsky - Oilers : 7 - Capitals : 6.
17:38 of 3rd period - Pavel Datsyuk wins face-off versus Nicklas Backstrom in neutral zone.
17:43 of 3rd period - Slapshot by Patrick Kaleta.
17:43 of 3rd period - Stopped by Nikolai Khabibulin with a rebound.
17:51 of 3rd period - Duncan Keith is hit by Joe Corvo.
18:44 of 3rd period - Jonathan Toews is hit by Joe Corvo.
19:00 of 3rd period - Capitals, Nikolai Khabibulin is pulled from the net.
19:12 of 3rd period - Wrist shot by Evgeni Malkin.
19:12 of 3rd period - Shot Misses the Net.
19:14 of 3rd period - Snap shot by Marian Hossa.
19:14 of 3rd period - Stopped by Cam Ward with a rebound.
19:16 of 3rd period - Snap shot by Zach Parise.
19:16 of 3rd period - Stopped by Cam Ward without a rebound.
19:17 of 3rd period - Ken Hitchcock call a timeout for Capitals.
19:17 of 3rd period - Evgeni Malkin wins face-off versus Pavel Datsyuk in Oilers zone.
19:18 of 3rd period - Wrist shot by Zach Parise.
19:18 of 3rd period - Stopped by Cam Ward with a rebound.
19:20 of 3rd period - Snap shot by Braydon Coburn.
19:20 of 3rd period - Shot Blocked by Rob Scuderi.
19:22 of 3rd period - Wrist shot by Braydon Coburn.
19:22 of 3rd period - Stopped by Cam Ward with a rebound.
19:24 of 3rd period - Wrist shot by Zach Parise.
19:24 of 3rd period - Stopped by Cam Ward with a rebound.
19:26 of 3rd period - Snap shot by Evgeni Malkin.
19:26 of 3rd period - Stopped by Cam Ward without a rebound.
19:27 of 3rd period - Pavel Datsyuk wins face-off versus Evgeni Malkin in Oilers zone.
Goals for this period are 1 for Oilers vs 2 for Capitals.
Shots for this period are 12 for Oilers vs 19 for Capitals.
0:00 - Minor Penalty to Rob Scuderi for Hooking.
Output by the SimonT Hockey Simulator (STHS) for François Prévost -- Original Page W3C XHTML 1.0 Valid